[Event "Titled Tuesday Blitz November 01 Late 2022"]
[White "Tanenbaum, Zachary"]
[Black "Gunduz, Umut Erdem"]
[WhiteFideId "2060850"]
[BlackFideId "6381383"]
[WhiteElo "2175"]
[BlackElo "2182"]
[Result "1-0"]
[Round "11"]
[TimeControl "180+1"]
[Date "2022.11.02"]
[WhiteClock "0:00:28"]
[BlackClock "0:00:03"]

1. e4 e5 2. Nf3 Nc6 3. Bc4 Nf6 4. d3 Bc5 5. c3 O-O 6. Nbd2 d6 7. a4 a6 8. Nf1 Re8 9. Ng3 d5 10. exd5 Nxd5 11. O-O Nb6 12. Bb3 Be6 13. Bxe6 Rxe6 14. Ng5 Rg6 15. N3e4 Be7 16. Qh5 h6 17. Nxf7 Kxf7 18. f4 exf4 19. Bxf4 Qxd3 20. Qf5+ Rf6 21. Ng5+ hxg5 22. Qxd3 gxf4 23. a5 Rd8 24. Qe4 Nd5 25. Rad1 Bc5+ 26. Kh1 Ne3 27. Rxd8 Nxd8 28. Rxf4 c6 29. Rxf6+ gxf6 30. b4 Ba7 31. Qh7+ Ke8 32. h4 Ng4 33. Qg8+ Ke7 34. Qxg4 Nf7 35. Qe4+ Ne5 36. h5 1-0


[Site "https://www.chess.com"]

[Event "Titled Tuesday Blitz November 01 Late 2022"]
[White "Ter-Sahakyan, Samvel"]
[Black "Djordjevic, Vuk"]
[WhiteFideId "13302531"]
[BlackFideId "902098"]
[WhiteElo "2604"]
[BlackElo "2456"]
[Result "1-0"]
[Round "11"]
[TimeControl "180+1"]
[Date "2022.11.01"]
[WhiteClock "0:00:07"]
[BlackClock "0:00:03"]

1. d4 Nf6 2. Bg5 d5 3. Nd2 e6 4. e3 c5 5. c3 Nbd7 6. Bd3 Bd6 7. Ngf3 Qc7 8. O-O O-O 9. Re1 c4 10. Bc2 b5 11. Bxf6 Nxf6 12. e4 dxe4 13. Nxe4 Be7 14. Nfg5 g6 15. Nxf6+ Bxf6 16. Qf3 Bxg5 17. Qxa8 Bf4 18. g3 Bd6 19. Be4 Bd7 20. Qb7 Qxb7 21. Bxb7 a5 22. d5 Rb8 23. dxe6 Bxe6 24. Bf3 Bf8 25. Rad1 Kg7 26. Bd5 Bf5 27. Be4 Be6 28. a3 b4 29. axb4 axb4 30. Bd5 Bg4 31. Rd4 Bf5 32. Rxc4 bxc3 33. bxc3 Bd6 34. Rc6 Rd8 35. c4 Bb4 36. Ra1 Bd7 37. Rc7 Bd6 38. Rb7 Be8 39. Raa7 Bc5 40. Ra1 Bd4 41. Re1 Bc5 42. Rc7 Bd6 43. Ra7 Bc5 44. Ra6 Bb4 45. Re2 Bc5 46. Kg2 Kf8 47. h4 h5 48. Raa2 Rc8 49. Rad2 Rb8 50. Rd3 Rc8 51. Rf3 Kg7 52. Re4 Rd8 53. Rb3 Rc8 54. Rb7 Bd6 55. Re3 Kf8 56. Rf3 Be7 57. Ra7 Rd8 58. Re3 Bc5 59. Rxe8+ Kxe8 60. Bxf7+ Kf8 61. Rb7 Rd6 62. Bd5 Rb6 63. Rf7+ Ke8 64. Rg7 Kf8 65. Rf7+ Ke8 66. Rc7 Bd4 67. Rh7 Kf8 68. Rf7+ Ke8 69. Kf3 Rb2 70. Ke4 Bxf2 71. Rf3 Bc5 72. Ke5 Ke7 73. Rf7+ Ke8 74. Kf6 Rf2+ 75. Kxg6 Rxf7 76. Bxf7+ Ke7 77. Bd5 Bf2 78. Kxh5 Bxg3 79. Kg5 Be1 80. h5 Bd2+ 81. Kg6 Kf8 82. h6 Bc3 83. h7 Be5 84. c5 Bd4 85. c6 1-0


[Site "https://www.chess.com"]

[Event "Titled Tuesday Blitz November 01 Late 2022"]
[White "Urbina Perez, Juan Antonio"]
[Black "Silva, Caio Henrique Angelico"]
[WhiteFideId "2217368"]
[BlackFideId "22777210"]
[WhiteElo "2197"]
[BlackElo "1990"]
[Result "0-1"]
[Round "11"]
[TimeControl "180+1"]
[Date "2022.11.02"]
[WhiteClock "0:00:53"]
[BlackClock "0:00:07"]

1. e4 c6 2. Nf3 d5 3. d3 g6 4. e5 Bg7 5. d4 Bg4 6. h3 Bxf3 7. Qxf3 c5 8. c3 cxd4 9. cxd4 Nc6 10. Bb5 e6 11. Nc3 Ne7 12. O-O O-O 13. Bg5 Nxd4 14. Qd3 Nxb5 15. Qxb5 Bxe5 16. Qxb7 f6 17. Bh6 Rf7 18. Qa6 Nf5 19. Bd2 Qd6 20. Qxd6 Bxd6 21. Rad1 Rb7 22. b3 Bb4 23. Rfe1 Kf7 24. Na4 Bxd2 25. Rxd2 Rc8 26. Rd3 Rc2 27. a3 Rbc7 28. b4 Rc1 29. Rxc1 Rxc1+ 30. Kh2 Nd6 31. Nc5 a5 32. Re3 e5 33. Rd3 d4 34. Nb3 Rc3 35. Rxc3 dxc3 36. Nxa5 Nb5 37. Nb3 Nxa3 38. Kg3 Ke6 39. Kf3 Kd5 40. Ke3 Kc4 41. Nc1 Nb5 42. Ke2 e4 43. Kd1 Kxb4 44. f3 exf3 45. gxf3 Kc4 46. f4 Nd4 47. Na2 c2+ 48. Kd2 Kb3 49. Nc1+ Kb2 50. Nd3+ Kb1 51. Ke3 Nf5+ 52. Kd2 Ne7 53. Nc1 Nd5 54. f5 gxf5 55. Nd3 f4 56. h4 f3 57. h5 f2 58. Ke2 Nf4+ 59. Nxf4 c1=Q 60. Kxf2 Qxf4+ 0-1


[Site "https://www.chess.com"]

[Event "Titled Tuesday Blitz November 01 Late 2022"]
[White "Vargas, Mauricio"]
[Black "Dahlgren, James Allen"]
[WhiteFideId "4404572"]
[BlackFideId "22256873"]
[WhiteElo "2025"]
[BlackElo "2181"]
[Result "0-1"]
[Round "11"]
[TimeControl "180+1"]
[Date "2022.11.02"]
[WhiteClock "0:00:05"]
[BlackClock "0:00:21"]

1. e4 e6 2. f4 c5 3. Nc3 d5 4. Nf3 Nf6 5. e5 Nfd7 6. Bb5 Nc6 7. Bxc6 bxc6 8. O-O c4 9. d4 cxd3 10. cxd3 a5 11. d4 Ba6 12. Re1 c5 13. Be3 Rb8 14. b3 c4 15. bxc4 Bxc4 16. a4 Rb3 17. Nb5 Bb4 18. Nd2 Bxd2 19. Nd6+ Kf8 20. Bxd2 g6 21. Rf1 Kg7 22. Rf3 Rxf3 23. Qxf3 Qb6 24. Qe3 Rb8 25. f5 exf5 26. Qh6+ Kg8 27. Be3 Qb2 28. Re1 Qc2 29. Qg5 Rb2 30. Qd8+ Nf8 31. Qg5 Ne6 32. Qg3 f4 33. Bxf4 Nxf4 34. Nxf7 Ne2+ 35. Rxe2 Rb1+ 36. Re1 Kxf7 37. Qf4+ Ke8 38. Rf1 Rxf1+ 39. Qxf1 Bxf1 40. Kxf1 Qd1+ 41. Kf2 Qxd4+ 42. Kg3 Qe4 43. Kf2 Qxe5 44. g3 d4 45. Kf3 d3 46. h3 d2 47. g4 d1=Q+ 48. Kg2 Qd3 49. Kf2 Qee2+ 50. Kg1 Qdd1# 0-1


[Site "https://www.chess.com"]

[Event "Titled Tuesday Blitz November 01 Late 2022"]
[White "Voigt, Martin"]
[Black "Marcolino, Daniel Mattos"]
[WhiteFideId "4607228"]
[BlackFideId "2106841"]
[WhiteElo "2356"]
[BlackElo "2095"]
[Result "1/2-1/2"]
[Round "11"]
[TimeControl "180+1"]
[Date "2022.11.02"]
[WhiteClock "0:00:03"]
[BlackClock "0:00:37"]

1. d4 Nf6 2. Nc3 d5 3. Bf4 c5 4. e3 cxd4 5. exd4 a6 6. Bd3 Nc6 7. Nge2 Bg4 8. Qd2 e6 9. f3 Bh5 10. g4 Bg6 11. h4 Bxd3 12. Qxd3 h5 13. Bg5 Be7 14. Bxf6 Bxf6 15. g5 Be7 16. O-O-O Qc7 17. g6 Bf6 18. gxf7+ Qxf7 19. Kb1 O-O-O 20. Na4 Kb8 21. Nc5 Qe7 22. c3 Bxh4 23. Nf4 e5 24. Ng6 Qf6 25. Nxh4 exd4 26. cxd4 g5 27. Ng2 h4 28. Qc3 Ka7 29. Qb3 Rh7 30. Rd3 Nxd4 31. Qc3 Rc7 32. Rxd4 Rdc8 33. b4 b6 34. Rd3 Qxc3 35. Rxc3 bxc5 36. bxc5 Rxc5 37. Rxc5 Rxc5 38. Ne3 Rc3 39. Nxd5 Rxf3 40. Kc2 h3 41. Kd2 g4 42. Ke2 Rg3 43. Ne3 Kb6 44. Nxg4 Rxg4 45. Rxh3 Kb5 46. Rh5+ Kb6 47. Rh6+ Kb5 48. Rh5+ Kb6 49. Rh6+ Kb5 50. Rh5+ 1/2-1/2


[Site "https://www.chess.com"]

[Event "Titled Tuesday Blitz November 01 Late 2022"]
[White "Weetik, Vjacheslav"]
[Black "Lazavik, Denis"]
[WhiteFideId "4153472"]
[BlackFideId "13515110"]
[WhiteElo "2469"]
[BlackElo "2437"]
[Result "0-1"]
[Round "11"]
[TimeControl "180+1"]
[Date "2022.11.01"]
[WhiteClock "0:00:01"]
[BlackClock "0:00:34"]

1. d4 f5 2. g3 Nf6 3. Bg2 g6 4. c3 Bg7 5. Qb3 c6 6. Nd2 d6 7. e4 fxe4 8. Nxe4 Qb6 9. Nxf6+ Bxf6 10. Nf3 Qxb3 11. axb3 O-O 12. O-O Be6 13. b4 Bd5 14. Ng5 Bxg2 15. Kxg2 Nd7 16. Ne6 Rfc8 17. Re1 Nb6 18. b3 Nd5 19. Bd2 Nc7 20. Ng5 Nd5 21. Ne6 a6 22. Re2 Nc7 23. Ng5 Re8 24. h4 Rad8 25. Rae1 Ra8 26. Ne4 Bg7 27. h5 Rf8 28. h6 Bh8 29. Ng5 e5 30. dxe5 dxe5 31. c4 Bf6 32. Ne4 Bh8 33. Nc5 b6 34. Nd7 Rfd8 35. Nxb6 Rab8 36. Be3 Ne6 37. Ra1 Nd4 38. Bxd4 exd4 39. Rxa6 d3 40. Rd2 Bc3 41. Rd1 d2 42. b5 cxb5 43. Nd5 b4 44. Ra7 Rd6 45. Ne7+ Kf8 46. c5 Re6 47. Nd5 Re1 48. Ne3 Kg8 49. Rd7 Rxd1 50. Nxd1 Rc8 51. Rd5 Kf7 0-1


[Site "https://www.chess.com"]

[Event "Titled Tuesday Blitz November 01 Late 2022"]
[White "Wessendorf, Thomas, Dr."]
[Black "Jimenez Fernandez, Rebeca"]
[WhiteFideId "4604270"]
[BlackFideId "32070934"]
[WhiteElo "2280"]
[BlackElo "1946"]
[Result "0-1"]
[Round "11"]
[TimeControl "180+1"]
[Date "2022.11.02"]
[WhiteClock "0:01:15"]
[BlackClock "0:00:39"]

1. e4 c5 2. Nf3 d6 3. d4 cxd4 4. Nxd4 Nf6 5. Nc3 g6 6. Be3 Bg7 7. f3 O-O 8. Qd2 Nc6 9. Bc4 Bd7 10. h4 Rc8 11. Bb3 Ne5 12. O-O-O Nc4 13. Bxc4 Rxc4 14. h5 Qa5 15. hxg6 fxg6 16. Nb3 Qa6 17. Nd5 Nxd5 18. Qxd5+ e6 19. Qxd6 Qxa2 20. Rd3 Qxb2+ 21. Kd1 Qb1+ 22. Ke2 Rxc2+ 23. Nd2 Qxh1 24. Qxd7 Qxg2+ 25. Bf2 Rxd2+ 26. Rxd2 Qxf3+ 27. Kf1 Qh1+ 28. Ke2 Qxe4+ 29. Kd1 Qb1+ 30. Ke2 Qe4+ 31. Kd1 Bh6 0-1


[Site "https://www.chess.com"]

[Event "Titled Tuesday Blitz November 01 Late 2022"]
[White "Winkels, Marcel"]
[Black "Rose, Felix"]
[WhiteFideId "1003887"]
[BlackFideId "5105722"]
[WhiteElo "1900"]
[BlackElo "2039"]
[Result "0-1"]
[Round "11"]
[TimeControl "180+1"]
[Date "2022.11.02"]
[WhiteClock "0:01:22"]
[BlackClock "0:01:52"]

1. d4 Nf6 2. Nc3 d5 3. Bf4 c5 4. e3 cxd4 5. exd4 a6 6. Nf3 Nc6 7. Be2 Bf5 8. Bd3 Bxd3 9. Qxd3 e6 10. O-O Bd6 11. a3 Bxf4 12. Rfe1 O-O 13. Ne5 Bxe5 14. dxe5 Nd7 15. f4 Rc8 16. Re3 Qb6 17. Kh1 Qd4 18. Qe2 Qxf4 19. Rf1 Qc4 20. Qf2 d4 21. Re4 Ndxe5 22. h3 f5 23. Rh4 Ng6 24. Ne2 Nxh4 0-1


[Site "https://www.chess.com"]

[Event "Titled Tuesday Blitz November 01 Late 2022"]
[White "Young, Ryan"]
[Black "Roque Sola, Jose Luis"]
[WhiteFideId "2049945"]
[BlackFideId "5120390"]
[WhiteElo "2404"]
[BlackElo "2117"]
[Result "1-0"]
[Round "11"]
[TimeControl "180+1"]
[Date "2022.11.02"]
[WhiteClock "0:00:10"]
[BlackClock "0:00:01"]

1. e4 e6 2. d4 d5 3. Nc3 Nf6 4. e5 Nfd7 5. f4 c5 6. Nce2 cxd4 7. Nxd4 Nc6 8. Ngf3 a6 9. c3 Be7 10. Bd3 Qc7 11. O-O b5 12. Be3 O-O 13. Bc2 b4 14. Qd3 g6 15. h4 bxc3 16. bxc3 Nc5 17. Qd2 h5 18. g4 hxg4 19. Ng5 Bxg5 20. hxg5 Nxd4 21. Bxd4 Ne4 22. Qh2 Rd8 23. Qh6 Qe7 24. Kg2 Qf8 25. Qh4 g3 26. Rh1 Qg7 27. Bxe4 dxe4 28. Kxg3 Bb7 29. Rhb1 Bd5 30. Rb6 Qh7 31. Qxh7+ Kxh7 32. Rh1+ Kg7 33. Rb2 Rh8 34. Rhh2 Rxh2 35. Rxh2 Rc8 36. Kf2 Bxa2 37. Ke3 Bd5 38. Rh1 Ra8 39. Rh2 a5 40. Bc5 a4 41. Be7 Rg8 42. Kd4 a3 43. Bxa3 Rh8 44. Rxh8 Kxh8 45. c4 Bb7 46. Kc5 Kg8 47. Kd6 Ba6 48. c5 e3 49. c6 1-0


[Site "https://www.chess.com"]

[Event "Titled Tuesday Blitz November 01 Late 2022"]
[White "Zanette, Edgard Vinicius"]
[Black "Kobla, Vishal"]
[WhiteFideId "2109263"]
[BlackFideId "2078457"]
[WhiteElo "2236"]
[BlackElo "1972"]
[Result "0-1"]
[Round "11"]
[TimeControl "180+1"]
[Date "2022.11.02"]
[WhiteClock "0:00:42"]
[BlackClock "0:01:02"]

1. e4 c5 2. Nc3 Nc6 3. f4 g6 4. Nf3 Bg7 5. Bb5 Nd4 6. O-O Nxb5 7. Nxb5 d6 8. Kh1 a6 9. Nc3 e6 10. d4 cxd4 11. Nxd4 Ne7 12. Nf3 O-O 13. Be3 b5 14. Bd4 Nc6 15. Bxg7 Kxg7 16. Qd2 Ra7 17. Rad1 Rd7 18. a4 b4 19. Ne2 Bb7 20. Ned4 a5 21. f5 Nxd4 22. Qxd4+ Kg8 23. fxe6 fxe6 24. h4 Rf4 25. Rde1 e5 26. Qc4+ d5 27. exd5 Rxc4 0-1


[Site "https://www.chess.com"]

[Event "Titled Tuesday Blitz November 01 Late 2022"]
[White "Zhigalko, Sergei"]
[Black "Faizrakhmanov, Ramil"]
[WhiteFideId "13502956"]
[BlackFideId "24103209"]
[WhiteElo "2662"]
[BlackElo "2421"]
[Result "1-0"]
[Round "11"]
[TimeControl "180+1"]
[Date "2022.11.01"]
[WhiteClock "0:00:03"]
[BlackClock "0:00:09"]

1. e4 c6 2. d4 d5 3. e5 Bf5 4. Nf3 e6 5. Be2 Ne7 6. O-O c5 7. dxc5 Nec6 8. Be3 Nd7 9. c4 dxc4 10. Na3 Bxc5 11. Nxc4 O-O 12. Bxc5 Nxc5 13. Qc1 Nd7 14. Rd1 Qc7 15. Qf4 f6 16. Rac1 fxe5 17. Qg3 Rad8 18. a3 Qb8 19. Ne3 e4 20. Ng5 Qxg3 21. hxg3 h6 22. Nxf5 hxg5 23. Nd6 Nf6 24. Bc4 Ne5 25. Bxe6+ Kh8 26. Rc5 Nd3 27. Nf7+ Rxf7 28. Bxf7 Rd7 29. Rc8+ Kh7 30. Be6 Re7 31. Bc4 Nxb2 32. Rb1 Nxc4 33. Rxc4 b6 34. Rd1 e3 35. f3 g4 36. Re1 gxf3 37. gxf3 Nd5 38. Kg2 e2 39. Kf2 Nf6 40. Rxe2 Rd7 41. Rec2 Rd3 42. R4c3 Rd4 43. Rc4 Rd3 44. R4c3 Rd4 45. Kg2 Nd5 46. Rb3 Rd1 47. f4 Kg6 48. Kf3 Kf6 49. g4 Ke6 50. Re2+ Kd6 51. f5 Rd4 52. Re4 Rd1 53. Re6+ Kc5 54. Rg6 Kc4 55. Rb2 Rd3+ 56. Kf2 Ne3 57. Re2 Nd1+ 58. Ke1 Ne3 59. Rxg7 Rxa3 60. f6 Ra1+ 61. Kf2 Nd5 62. f7 Nf4 63. f8=Q Nxe2 64. Kxe2 1-0


[Site "https://www.chess.com"]

[Event "Titled Tuesday Blitz November 01 Late 2022"]
[White "Zilleruelo Irizarry, Diego"]
[Black "Ambartsumova, Karina"]
[WhiteFideId "3101460"]
[BlackFideId "4166299"]
[WhiteElo "1998"]
[BlackElo "2299"]
[Result "1/2-1/2"]
[Round "11"]
[TimeControl "180+1"]
[Date "2022.11.02"]
[WhiteClock "0:00:04"]
[BlackClock "0:00:05"]

1. e4 e5 2. Nf3 Nc6 3. Bb5 Nf6 4. O-O Nxe4 5. Re1 Nd6 6. Nxe5 Nxe5 7. Rxe5+ Be7 8. Bf1 O-O 9. d4 Bf6 10. Re1 Re8 11. c3 c6 12. Bf4 Rxe1 13. Qxe1 Nf5 14. Nd2 d5 15. Bd3 g6 16. Nf3 Ng7 17. h3 Bf5 18. Qd2 Qb6 19. Bxf5 Nxf5 20. g4 Ng7 21. a4 a5 22. Re1 Re8 23. Rxe8+ Nxe8 24. Qc2 Qd8 25. Kg2 Nd6 26. Be5 Ne4 27. Qe2 Kg7 28. Bxf6+ Qxf6 29. Nd2 Nd6 30. Qe5 h6 31. f4 Qxe5 32. fxe5 Nc8 33. Kf3 Kf8 34. Ke3 g5 35. Nb3 b6 36. Nd2 Ke7 37. Nf1 f6 38. exf6+ Kxf6 39. Ng3 Nd6 40. b3 b5 41. Nh5+ Ke6 42. Ng3 bxa4 43. bxa4 Nc4+ 44. Kd3 Nb2+ 45. Kc2 Nxa4 46. Kb3 Nb6 47. Nf5 a4+ 48. Kb4 Kf6 49. Nxh6 Ke6 50. Nf5 Kf6 51. Ne3 Ke6 52. Nc2 Kd6 53. Ne1 Ke6 54. Nf3 Kf6 55. Ne5 Ke6 56. Nxc6 Kd6 57. Ne5 Ke6 58. Nf3 Kf6 59. Nd2 Ke6 60. Nb1 Kd6 61. Na3 Ke6 62. Kb5 Nd7 63. Kxa4 Nf6 64. Kb5 Ne4 65. c4 Nc3+ 66. Kc5 Ne4+ 67. Kb4 dxc4 68. Kxc4 Nf2 69. d5+ Kd7 70. Nb5 Nxh3 71. Nd4 Nf2 72. Nf3 Nxg4 73. Nxg5 Nf6 74. Ne6 Nxd5 1/2-1/2


[Site "https://www.chess.com"]

[Event "Titled Tuesday Blitz November 01 Late 2022"]
[White "Zivkovic, Nemanja"]
[Black "Baskakov, Egor"]
[WhiteFideId "942154"]
[BlackFideId "24197866"]
[WhiteElo "2372"]
[BlackElo "2211"]
[Result "1/2-1/2"]
[Round "11"]
[TimeControl "180+1"]
[Date "2022.11.01"]
[WhiteClock "0:00:04"]
[BlackClock "0:00:15"]

1. e4 c5 2. Nf3 Nf6 3. Nc3 d5 4. exd5 Nxd5 5. Nxd5 Qxd5 6. g3 Bg4 7. Bg2 Nc6 8. h3 Bh5 9. g4 Bg6 10. O-O h5 11. Nh4 Be4 12. Bxe4 Qxe4 13. d3 Qd5 14. g5 g6 15. Qf3 Qd7 16. Be3 b6 17. d4 e6 18. dxc5 Bxc5 19. Rad1 Qc7 20. Bxc5 bxc5 21. Qc3 Qe5 22. Qxe5 Nxe5 23. Rfe1 Nc4 24. b3 Nb6 25. Nf3 Ke7 26. Ne5 Rac8 27. c4 Rc7 28. Re3 Nd7 29. Nd3 Rd8 30. Nf4 Nb6 31. Red3 Rcd7 32. Kg2 e5 33. Rxd7+ Rxd7 34. Rxd7+ Kxd7 35. Nd3 Kd6 36. Kf3 Nd7 37. a3 a5 38. Ke3 f5 39. f3 Nb6 40. a4 Nc8 41. h4 Ne7 42. f4 Nc6 43. fxe5+ Nxe5 44. Nf4 Ng4+ 45. Kd2 Ne5 46. Ke3 Ng4+ 47. Kd2 Ne5 48. Ke3 1/2-1/2


[Site "https://www.chess.com"]

[Event "Titled Tuesday Blitz November 01 Late 2022"]
[White "chess50years"]
[Black "Gaehwiler, Gabriel"]
[BlackFideId "1314530"]
[WhiteElo "2101"]
[BlackElo "2418"]
[Result "0-1"]
[Round "11"]
[TimeControl "180+1"]
[Date "2022.11.02"]
[WhiteClock "0:00:24"]
[BlackClock "0:02:27"]

1. d4 c5 2. d5 Nf6 3. Nc3 d6 4. e4 Nbd7 5. a4 a6 6. Nf3 g6 7. Bd3 Bg7 8. h3 O-O 9. Bf4 Ne8 10. O-O b6 11. Qd2 Rb8 12. Rfe1 Qc7 13. Bh2 Bb7 14. Re2 Ra8 15. Rae1 f6 16. b3 Ne5 17. Nxe5 fxe5 18. f3 Nf6 19. Rf2 Nh5 20. Bf1 Rf7 21. Ne2 Raf8 22. c4 Qc8 23. Qd3 Qd8 24. g4 Nf4 25. Nxf4 exf4 26. Kg2 Be5 27. Rfe2 Rf6 28. Rc2 Qc7 29. Be2 R6f7 30. Rf1 Rb8 31. Kh1 Bc8 32. Bg1 Bd7 33. Bf2 Qa7 34. Bh4 Qb7 35. Rg1 b5 36. axb5 axb5 37. Ra2 bxc4 38. bxc4 Qb3 39. Rga1 Qxd3 40. Bxd3 Bxa1 41. Rxa1 Rb3 42. Ra8+ Kg7 43. Be2 Re3 44. Bf1 Rxf3 45. Kg2 Rc3 46. Ra7 f3+ 47. Kf2 e6 48. Rxd7 Rxd7 49. dxe6 Ra7 50. e7 Kf7 51. Kg3 Rxe7 52. Bxe7 Kxe7 53. Kf4 f2 0-1